 Dungeon Crawl Stone Soup version 0.30.0-29-ga12c61a403 (webtiles) character file.

Game seed: 17381732799029988797

47 FallenXxXSky the Cudgeller (level 3, -5/30 HPs)
             Began as a Demonspawn Wanderer on June 21, 2023.
             Slain by a gnoll bouda
             ... wielding a +0 whip of electrocution
              (20 damage)
             ... on level 2 of the Dungeon.
             The game lasted 00:01:13 (1114 turns).

FallenXxXSky the Cudgeller (Demonspawn Wanderer)    Turns: 1114, Time: 00:01:14

Health: -5/30      AC:  7    Str: 17    XL:     3   Next: 48%
Magic:  3/3        EV: 10    Int: 11    God:
Gold:   79         SH:  4    Dex: 11    Spells: 2/2 levels left

rFire   . . .        a - +3 mace
rCold   . . .        (no shield)
rNeg    . . .        e - +0 ring mail
rPois   .            (no helmet)
rElec   .            (no cloak)
rCorr   .            (no gloves)
SInv    .            (no boots)
Will    .....        (no amulet)
Stlth   +            (no ring)
HPRegen 0.25/turn    (no ring)
MPRegen 0.08/turn

%: no passive effects
@: no status effects
A: thin metallic scales 1, condensation shield
a: no special abilities


You were on level 2 of the Dungeon.
You visited 1 branch of the dungeon, and saw 2 of its levels.

You collected 79 gold pieces.

Inventory:

Hand Weapons
 a - a +3 mace (weapon)
 b - a +0 sling
Missiles
 k - a throwing net (quivered)
Armour
 e - a +0 ring mail (worn)
Jewellery
 l - a ring of wizardry
Scrolls
 c - a scroll of teleportation
 g - a scroll of enchant weapon {unknown}
 j - a scroll of immolation {unknown}
Potions
 d - a potion of curing
 f - a potion of brilliance {unknown}
 h - a potion of degeneration {unknown}
 i - a potion of might {unknown}
 m - a potion of cancellation {unknown}


   Skills:
 - Level 4.0 Fighting
 + Level 4.1 Maces & Flails
 - Level 1.0 Ranged Weapons
 - Level 1.0 Armour
 - Level 1.0 Stealth


You had 2 spell levels left.
You didn't know any spells.
Your spell library was empty.

Dungeon Overview and Level Annotations

Branches:
Dungeon (2/15)

Altars:


Innate Abilities, Weirdness & Mutations

You are partially covered in thin metallic scales. (AC +2)
A meltable shield of frost defends you. (SH +4)


Message History

The gnoll bouda is heavily wounded.
The gnoll bouda closely misses you.
You hit the gnoll bouda.
The gnoll bouda is severely wounded.
The gnoll bouda mumbles some strange prayers to its god.
The gnoll bouda is healed somewhat.
You block the gnoll bouda's attack.
Unknown command.
Throw: 2 throwing nets
Press: ? - help, Q - select action Shift-Dir - straight line, f - gnoll bouda
Aim: a gnoll bouda, wielding a +0 whip of electrocution and wearing a +0 robe (heavily wounded, 61% to hit)
You throw a throwing net. The throwing net hits the gnoll bouda.
The gnoll bouda is caught in the net!
The gnoll bouda is heavily wounded.
The gnoll bouda calls upon its god to heal the gnoll.
The gnoll is healed somewhat.
The gnoll bouda struggles against the net.
Your attacks no longer feel as feeble.
The gnoll bouda struggles against the net.
The gnoll bouda struggles against the net.
The gnoll bouda barks out a call to the hunt!
The gnolls pick up the pace!
You sock the gnoll bouda!
The gnoll bouda is severely wounded.
The gnoll bouda hits you with a +0 whip of electrocution.
You closely miss the gnoll bouda.
The gnoll bouda is severely wounded.
The gnoll bouda prays to its god.
The gnoll bouda is healed somewhat.
You barely miss the gnoll bouda.
The gnoll bouda is heavily wounded.
The gnoll bouda hits you with a +0 whip of electrocution.
You closely miss the gnoll bouda.
The gnoll bouda is heavily wounded.
The gnoll bouda hits you with a +0 whip of electrocution.
You hit the gnoll bouda but do no damage.
The gnoll bouda is heavily wounded.
The gnoll bouda hits you with a +0 whip of electrocution.
You are electrocuted!!
Ouch! That really hurt!
You die...

#...# #...#
#...# #...#
#...# #<..#
...#####...#
...........#
...######@##
#..# #g# #..#
#g# #.g# #g#
#.g# #g# #.g#
#.# #..# #.#
#..# #.#
..###$.######.#


You could see a gnoll bouda and 3 gnolls.

Vanquished Creatures
  A gnoll (D:2)
  2 dart slugs (D:1)
  3 ball pythons (D:1)
  4 endoplasms (D:1)
  2 giant cockroaches
  5 goblins (D:1)
  5 hobgoblins (D:1)
  3 bats (D:1)
  3 frilled lizards (D:1)
  A kobold (D:1)
  A rat (D:1)
30 creatures vanquished.

Notes
Turn   | Place    | Note
-------+----------+-------------------------------------------
     0 | D:1      | FallenXxXSky the Demonspawn Wanderer began the quest for
                  | the Orb.
     0 | D:1      | FallenXxXSky set off with the following items: a +3 mace, a
                  | +0 sling, a scroll of teleportation, a +0 leather armour.
     0 | D:1      | Reached XP level 1. HP: 19/19 MP: 1/1
   195 | D:1      | Gained mutation: You are partially covered in thin metallic
                  | scales. (AC +2) [demonic ancestry]
   195 | D:1      | Reached XP level 2. HP: 25/25 MP: 2/2
   552 | D:1      | Gained mutation: A meltable shield of frost defends you.
                  | (SH +4) [demonic ancestry]
   552 | D:1      | Reached XP level 3. HP: 25/30 MP: 3/3
  1114 | D:2      | Slain by a gnoll bouda

Illustrated notes

Levels and vault maps discovered:
D:1:      minmay_arrival_nine_rooms, layout_basic, minmay_tree_intersection
D:2:      cheibrodos_fertilizer, layout_loops_ring

Skill      XL: |  1  2  3 |
---------------+----------+-----
Maces & Flails | 3 4 |  4.1
Fighting       | |  4.0
Ranged Weapons | |  1.0
Armour         | |  1.0
Stealth        | |  1.0

Action                     || total
---------------------------++-------
  Melee: Mace              ||    91
         Punch             ||     1
  Throw: Throwing net      ||     1
    Use: Potion            ||     1
 Armour: Ring mail         ||    31
  Dodge: Dodged            ||    49
  Block: Other             ||     5
